AoeStats
← Chupacabra

Lombardia

508600303Analyzed
4v4 RM · 10d ago on Sep 23, 2026· 42m 10s· 8 players
Game mode
Random Map
Map size
Large (8 player)
Population
200
Speed
Normal
Resources
Standard
Victory
Conquest
Starting age
Dark Age
Ending age
Imperial Age
RankedLock teamsTeams togetherTeam positionsShared explorationLock speedFull tech treeHidden civsTurbo modeCheats
Victory
Defeat
🇨🇳 Italians · China
1421
+11
🇨🇳 Burgundians · China
1414
+11
🇨🇳 Byzantines · China
1286
+17
🇹🇼 Varangians · Taiwan
1218
+18
🇩🇰 Wu · Denmark
1346
-16
🇪🇸 Armenians · Spain
1323
-15
🇮🇳 Wei · India
1300
-14
🇸🇦 Burgundians · Saudi Arabia
1247
-12
Chupacabra
8:53 Loom
10:39 Feudal Age
12:06 Horse Collar
12:12 Double-Bit Axe
15:07 Castle Age
13:27 Gold Mining
19:38 Wheelbarrow
18:58 Stone Mining
21:07 Town Watch
21:36 Bow Saw
22:01 Heavy Plow
23:09 Town Watch
25:20 Hand Cart
30:27 Imperial Age
30:21 Forging
32:53 Elite Tiger Cavalry
33:56 Scale Barding Armor
34:27 Iron Casting
34:31 Husbandry
35:18 Gold Shaft Mining
35:00 Bloodlines
35:09 Fletching
35:40 Chain Barding Armor
34:42 Heavy Hei Guang Cavalry
34:48 Light Cavalry
35:34 Padded Archer Armor
36:51 Conscription
36:34 Tuntian
36:34 Bodkin Arrow
36:12 Elite Skirmisher
38:00 Thumb Ring
37:38 Hussar
40:18 Ming Guang Armor
Doctorbonus
7:50 Loom
10:31 Feudal Age
11:50 Town Watch
15:28 Castle Age
13:46 Double-Bit Axe
14:42 Horse Collar
16:54 Bow Saw
23:59 Wheelbarrow
24:33 Stone Mining
26:52 Hand Cart
26:30 Fletching
26:33 Gold Mining
26:51 Heavy Plow
31:57 Imperial Age
30:27 Stone Shaft Mining
30:34 Gold Shaft Mining
30:29 Bodkin Arrow
31:28 Red Cliffs Tactics
31:31 Padded Archer Armor
31:56 Ballistics
31:17 Treadmill Crane
31:46 Caravan
32:43 Bracer
32:28 Pikeman
33:10 Squires
33:50 Conscription
33:41 Halberdier
34:07 Arson
34:23 Scale Mail Armor
34:34 Forging
35:33 Chain Mail Armor
37:02 Chemistry
37:06 Iron Casting
36:43 Sitting Tiger
38:22 Two-Man Saw
38:26 Plate Mail Armor
39:55 Leather Archer Armor
39:57 Masonry
41:17 Elite Fire Archer
Nightwraith
4:32 Loom
5:09 Double-Bit Axe
10:07 Feudal Age
10:30 Gold Mining
11:02 Bow Saw
11:45 Gold Shaft Mining
20:09 Castle Age
18:11 Horse Collar
19:05 Heavy Plow
19:45 Stone Mining
21:19 Stone Shaft Mining
23:59 Two-Man Saw
24:27 Wheelbarrow
24:48 Forging
25:53 Hand Cart
26:38 Husbandry
28:58 Crop Rotation
28:34 Town Watch
29:38 Cavalier
31:28 Iron Casting
32:38 Scale Barding Armor
36:17 Imperial Age
34:08 Burgundian Vineyards
34:31 Fletching
35:46 Murder Holes
36:44 Paladin
37:13 Pikeman
39:18 Blast Furnace
38:08 Treadmill Crane
39:44 Chain Barding Armor
CARANZA
5:04 Loom
12:33 Feudal Age
13:02 Double-Bit Axe
18:11 Castle Age
16:22 Horse Collar
19:07 Heavy Plow
19:44 Fervor
21:40 Sanctity
25:22 Wheelbarrow
25:39 Bow Saw
28:39 Hand Cart
29:09 Gold Mining
29:18 Fletching
32:15 Bodkin Arrow
32:22 Padded Archer Armor
35:13 Imperial Age
32:39 Pikeman
33:05 Gambesons
33:20 Squires
33:06 Arson
33:40 Caravan
33:29 Halberdier
36:06 Fereters
36:04 Bracer
36:19 Leather Archer Armor
36:32 Elite Composite Bowman
36:40 Onager
38:19 Gold Shaft Mining
38:18 Ring Archer Armor
39:40 Forging
39:31 Scale Mail Armor
41:34 Iron Casting
韓國魚
0:48 Loom
11:41 Feudal Age
16:41 Castle Age
14:28 Double-Bit Axe
14:23 Horse Collar
17:47 Bow Saw
18:16 Heavy Plow
21:25 Wheelbarrow
23:00 Stone Mining
23:01 Gold Mining
25:23 Town Watch
27:00 Hand Cart
32:06 Imperial Age
31:19 Stone Shaft Mining
31:42 Forging
31:38 Scale Barding Armor
33:33 Conscription
32:34 Elite Jarl
33:55 Iron Casting
33:11 Fletching
34:37 Crop Rotation
33:38 Gothikon
33:44 Elite Varangian Guard
35:51 Blast Furnace
35:37 Fortified Wall
36:29 Chemistry
35:51 Arson
36:11 Caravan
37:17 Two-Man Saw
38:38 Bloodlines
38:28 Husbandry
37:48 Light Cavalry
39:07 Siege Engineers
39:42 Bodkin Arrow
39:48 Scale Mail Armor
39:51 Padded Archer Armor
40:23 Ballistics
40:14 Masonry
41:17 Murder Holes
43:11 Architecture
42:05 Vendel Legacy
大骚刚
7:06 Double-Bit Axe
11:26 Feudal Age
10:35 Horse Collar
16:41 Castle Age
15:18 Bow Saw
15:17 Heavy Plow
18:59 Wheelbarrow
19:51 Two-Man Saw
20:00 Crop Rotation
20:55 Hand Cart
22:05 Gold Mining
24:46 Loom
27:03 Stone Mining
28:48 Stone Shaft Mining
28:49 Gold Shaft Mining
28:55 Gold Shaft Mining
31:11 Imperial Age
28:43 Husbandry
29:08 Scale Barding Armor
29:14 Forging
28:37 Cavalier
30:42 Coinage
30:12 Caravan
30:20 Treadmill Crane
30:51 Masonry
32:26 Chain Barding Armor
32:41 Iron Casting
32:46 Banking
32:26 Guilds
32:36 Burgundian Vineyards
33:47 Paladin
35:43 Plate Barding Armor
36:51 Conscription
37:16 Iron Casting
39:17 Blast Furnace
40:21 Architecture
40:12 Ballistics
40:52 Chemistry
40:26 Architecture
40:17 Ballistics
40:09 Fortified Wall
39:55 Murder Holes
39:47 Arrowslits
39:52 Guard Tower
40:05 Scale Mail Armor
小心,有诈。
11:54 Feudal Age
15:37 Castle Age
14:03 Double-Bit Axe
14:09 Horse Collar
20:34 Wheelbarrow
19:54 Town Watch
21:46 Bow Saw
23:22 Gold Mining
24:35 Hand Cart
24:07 Loom
24:25 Stone Mining
25:54 Heavy Plow
27:50 Stone Shaft Mining
30:16 Imperial Age
28:37 Caravan
29:29 Squires
30:48 Padded Archer Armor
30:38 Fletching
30:32 Treadmill Crane
30:39 Elite Genoese Crossbowman
31:40 Conscription
31:54 Leather Archer Armor
32:02 Ballistics
32:42 Chemistry
32:26 Bodkin Arrow
32:37 Thumb Ring
33:19 Masonry
34:06 Silk Road
34:13 Bracer
37:30 Guard Tower
38:14 Architecture
39:33 Ring Archer Armor
38:50 Arrowslits
42:28 Keep
哈撒韦
8:36 Loom
11:43 Feudal Age
12:24 Double-Bit Axe
12:26 Horse Collar
15:28 Castle Age
16:43 Bow Saw
20:22 Wheelbarrow
23:47 Gold Mining
25:09 Gold Shaft Mining
24:51 Hand Cart
24:52 Stone Mining
29:37 Imperial Age
27:55 Stone Shaft Mining
27:31 Scale Barding Armor
29:09 Chain Barding Armor
29:00 Forging
30:18 Iron Casting
30:20 Chain Barding Armor
30:21 Elite Cataphract
31:22 Conscription
32:36 Plate Barding Armor
32:53 Logistica
34:27 Two-Man Saw
33:31 Treadmill Crane
35:46 Heavy Plow
36:13 Fletching
37:08 Ballistics
37:48 Chemistry
37:20 Caravan
38:18 Husbandry
39:59 Hoardings
Connection lost

Rejoining the realm…

Still unreachable

The connection could not be restored.

Session expired

The server has moved on; the page needs a fresh start.